cannibale, lawful female human Archeologist * --- ----------------#-#------.--- |............................. --------------...----------#------#--*).... - ---...|.|..|.....--- #-#-- |.).-------.- --..............--- -#...|--- --........... --- |...............| |....--.--- --------..- --.-- --....---......... .#-#- |..........| --(--- . |....| |....| ---...........)# #..........| |...---.--....-- |....-- -............#-- #-.......-- ---...|.........| --....-- ............^... #-..*..-- -...............-| ----- ......... ...............- #-..^.| |.................-- --...| |....-- ... ....)..........| -#...-- -......(..........| |....--- -...- |.......)..........-- |....#- -#................-- |.--..*| ---..-.. |........---. ......---.....### |...............|...| -- |...----......#-.........| ............^.| #..V>.........----..| --..)..........--.---..... --...........| ----...---....| --- |....[............| ..- ---.|.|.--.-- |..-- --.--- --......---.--.---- ---------- ---- --- --.--..| ------ ------- cannibale the Investigator Experience level: 7 Strength: 13 Dexterity: 10 Constitution: 14 Intelligence: 17 Wisdom: 17 Charisma: 8 Health: 0(40) Energy: 48(48) Def: 6 Gold: 38 Moves: 4778 Dungeon seed: Sl1mbaQdJJxrePu0 Game ID: cannibale_1526978798 Your Inventory: Coins $ - 38 gold pieces Weapons a - a blessed +2 bullwhip (weapon in hand) d - 30 +0 darts (in quiver) t - a cursed +0 dagger N - 4 blessed +4 daggers Armor e - a blessed +0 pair of iron shoes (being worn) n - an uncursed +0 fedora (being worn) r - an uncursed +0 cloak of invisibility (being worn) Y - an uncursed +0 studded leather armor (being worn) Comestibles b - 6 uncursed food rations g - an uncursed tin of jackal meat k - an uncursed pancake G - an uncursed tin of gnome lord meat X - an uncursed sprig of wolfsbane Scrolls l - an uncursed scroll of destroy armor u - a cursed scroll of identify w - an uncursed scroll of identify x - an uncursed scroll of gold detection Potions m - an uncursed potion of healing A - an uncursed potion of gain level K - an uncursed potion of sickness Rings H - an uncursed ring of teleport control (on left hand) Tools h - an expensive camera (0:59) s - an uncursed credit card E - a blessed partly used wax candle (0:236) O - an uncursed bag of holding Q - an uncursed oil lamp (lit) (0:286) T - an expensive camera (0:93) Gems c - an uncursed worthless piece of blue glass f - an uncursed worthless piece of orange glass p - an uncursed worthless piece of violet glass y - an uncursed worthless piece of white glass z - 2 uncursed worthless pieces of green glass Contents of the bag of holding: 5 +0 daggers an uncursed potion of gain energy a can of grease (0:16) an uncursed oil lamp (0:1380) 17 uncursed tallow candles (0:200) 10 uncursed partly used wax candles (0:255) an uncursed aquamarine stone Spells and supernatural/magical abilities: Name Level Category Fail Memory e - charm monster 3 enchantment 96% 80% W - pray for help -- divine ? -- Your skills at the end: Fighting Skills Weapon Skills dagger [Basic] pick-axe [Basic] whip [Skilled] Spellcasting Skills Final Attributes: You were piously aligned. You were invisible. You were stealthy. You had teleport control. You were fast. You were lucky. You are dead. Vanquished creatures: a small mimic a quivering blob an orc-captain a giant spider a dwarf mummy an owlbear a yeti a jaguar a human zombie a soldier ant an orc shaman a rock piercer a yellow light a violet fungus 13 gnome lords 4 gnomish wizards 3 giant ants a floating eye a kitten 4 dwarves a homunculus a rothe a dwarf zombie a werejackal an iguana an acid blob 3 hobbits 3 giant rats 54 gnomes a gnome zombie a gecko 7 jackals a kobold a goblin a sewer rat 5 grid bugs 6 lichens 5 newts 134 creatures vanquished. Voluntary challenges: You had been an atheist until turn 2295. You used a wielded weapon 177 times, starting on turn 39. You read items or engraved 18 times, starting on turn 677. You never genocided any monsters. You never polymorphed an object. You never changed form. You used no wishes. You never split a pudding. You wrote Elbereth's name 9 times, starting on turn 1358. You never violated your personal moral code. Dungeon overview: The Dungeons of Doom: levels 1 to 2 Level 1 some sinks a long staircase Level 2 stairs to The Gnomish Mines The Gnomish Mines: levels 3 to 10 Level 3 stairs to The Dungeons of Doom Level 4 Level 5 Level 6 many shops, a temple to Camaxtli, some fountains, some trees Level 7 Level 8 Level 9 <- You were here Level 10 History has recorded: On T:1 you entered the Dungeons of Doom to retrieve the Amulet of Yendor! On T:618 you advanced to experience level 2. On T:632 you reached level 2 of The Dungeons of Doom. On T:1135 you reached level 1 of The Gnomish Mines. On T:1190 you advanced to experience level 3. On T:1304 you advanced to experience level 4. On T:1431 you reached level 2 of The Gnomish Mines. On T:1486 you advanced to experience level 5. On T:1665 you reached level 3 of The Gnomish Mines. On T:2047 you reached level 4 of The Gnomish Mines. On T:2156 you advanced to experience level 6. On T:3038 you reached level 5 of The Gnomish Mines. On T:3238 you advanced to experience level 7. On T:3760 you reached level 6 of The Gnomish Mines. On T:4328 you reached level 7 of The Gnomish Mines. On T:4535 you advanced to experience level 7. On T:4774 you reached level 8 of The Gnomish Mines. Score breakdown: Gold: 38 ( 5412 points) Experience: 7 levels (13645 points) Exploration: 10 levels ( 22.22%) (13568 points) Discoveries: 20 items ( 6.71%) ( 7771 points) Valuables value: (no points given unless you survive) Artifact value: 0 ( 0 points) Variety of kills: 38 monsters ( 9.97%) ( 9474 points) Turncount: 4778 turns (-1287 points) Survival: died (score multiplied by 80%) Total score: 38866 Latest messages: The vampire lord zaps himself with a platinum wand! The vampire lord is suddenly moving faster. The gnome lord hits! The little dog bites the gnome lord. The gnome lord hits the little dog. You hit the gnome lord. The little dog bites the gnome lord. The gnome lord hits the little dog. The housecat misses the gnome lord. The gnome lord hits! You hit the gnome lord! The housecat bites the gnome lord. The gnome lord is killed! The vampire lord hits! The vampire lord bites! The housecat eats a gnome lord corpse. You hit the vampire lord! The vampire lord hits! The vampire lord bites! The orc zombie misses the housecat. The vampire lord hits! The vampire lord bites! The vampire lord hits! The vampire lord bites! You die... Your body rises from the dead as a vampire... Final status: Goodbye cannibale the Archeologist, killed by a vampire lord... You died in The Gnomish Mines on dungeon level 9 with 38866 points, and 38 pieces of gold, after 4778 moves. You were level 7 with a maximum of 40 hit points when you died.